AoeStats
← Smokey

Black Forest

503764452Analyzed
3v3 RM · 1mo ago on Sep 2, 2026· 69m 29s· 6 players
Game mode
Random Map
Map size
Normal (6 player)
Population
200
Speed
Normal
Resources
Standard
Victory
Conquest
Starting age
Dark Age
Ending age
Imperial Age
RankedLock teamsTeams togetherTeam positionsShared explorationLock speedFull tech treeHidden civsTurbo modeCheats
Victory
Defeat
🇨🇳 Chinese · China
645
+6
🇸🇮 Britons · Slovenia
644
+6
🇧🇴 Mongols · Bolivia
497
+12
🇺🇸 Mongols · United States
427
-9
🇺🇸 Bulgarians · United States
423
-9
🇺🇸 Khmer · United States
363
-7
TenderCrust5
8:07 Loom
11:10 Feudal Age
23:04 Castle Age
22:02 Bloodlines
24:03 Gold Mining
26:14 Double-Bit Axe
27:47 Husbandry
30:40 Stone Mining
35:37 Imperial Age
40:59 Nomads
46:08 Parthian Tactics
45:49 Thumb Ring
48:22 Elite Mangudai
49:43 Onager
54:36 Chemistry
63:14 Scale Barding Armor
63:00 Fletching
Jarvis
2:24 Loom
12:35 Feudal Age
13:18 Double-Bit Axe
13:19 Horse Collar
14:38 Forging
14:58 Arson
17:48 Wheelbarrow
22:07 Scale Mail Armor
23:16 Gold Mining
26:33 Castle Age
27:55 Hand Cart
27:43 Heavy Plow
28:24 Iron Casting
28:45 Bow Saw
30:29 Gambesons
30:47 Squires
31:57 Bloodlines
34:15 Ballistics
35:31 Husbandry
36:55 Caravan
37:23 Chain Mail Armor
37:14 Scale Barding Armor
42:56 Stirrups
45:12 Chain Barding Armor
47:41 Imperial Age
46:52 Murder Holes
50:06 Stone Mining
50:52 Gold Shaft Mining
50:56 Crop Rotation
51:40 Blast Furnace
51:10 Plate Mail Armor
51:16 Plate Barding Armor
50:24 Capped Ram
52:47 Fletching
52:57 Padded Archer Armor
54:38 Chemistry
53:02 Cavalier
56:09 Elite Skirmisher
59:52 Thumb Ring
64:51 Bodkin Arrow
65:14 Leather Archer Armor
tan_boi
13:27 Feudal Age
24:31 Arson
28:05 Man-at-Arms
32:34 Gold Mining
33:59 Horse Collar
36:58 Stone Mining
40:32 Castle Age
38:30 Loom
38:36 Town Watch
42:04 Wheelbarrow
42:20 Town Patrol
43:51 Long Swordsman
48:34 Imperial Age
51:37 Onager
53:23 Stone Shaft Mining
53:24 Gold Shaft Mining
52:38 Double-Bit Axe
54:33 Two-Handed Swordsman
61:17 Elite Ballista Elephant
62:33 Hoardings
61:30 Sappers
62:33 Tusk Swords
64:06 Double Crossbow
Smokey
15:12 Feudal Age
15:41 Double-Bit Axe
15:39 Horse Collar
20:47 Castle Age
24:36 Bow Saw
27:53 Heavy Plow
27:50 Gold Mining
27:55 Stone Mining
30:00 Wheelbarrow
32:58 Hand Cart
33:09 Ballistics
32:55 Padded Archer Armor
32:45 Fletching
34:24 Leather Archer Armor
34:05 Bodkin Arrow
37:23 Imperial Age
36:37 Heated Shot
38:34 Ring Archer Armor
38:05 Bracer
39:11 Chemistry
43:32 Elite Longbowman
46:24 Yeomen
51:45 Caravan
604569544
15:02 Feudal Age
16:58 Double-Bit Axe
17:10 Gold Mining
17:11 Stone Mining
18:46 Wheelbarrow
17:57 Town Watch
23:15 Castle Age
22:29 Horse Collar
26:25 Loom
27:11 Fortified Wall
30:41 Fletching
33:17 Hand Cart
33:05 Heavy Plow
33:59 Masonry
37:22 Town Patrol
38:38 Pikeman
39:19 Squires
39:04 Arson
46:26 Imperial Age
45:35 Ballistics
46:40 Halberdier
47:50 Great Wall
48:12 Rocketry
48:13 Conscription
47:39 Heavy Rocket Cart
48:41 Heavy Scorpion
49:03 Elite Fire Lancer
52:52 Forging
52:42 Scale Mail Armor
52:43 Padded Archer Armor
52:38 Bodkin Arrow
67:22 Bow Saw
El Messias
1:08 Loom
14:25 Feudal Age
21:43 Double-Bit Axe
26:19 Wheelbarrow
29:30 Gold Mining
29:31 Stone Mining
35:47 Castle Age
Connection lost

Rejoining the realm…

Still unreachable

The connection could not be restored.

Session expired

The server has moved on; the page needs a fresh start.